 Dungeon Crawl Stone Soup version 0.20-a0-839-gdaf5c57 (webtiles) character file.

448 Amciq the Ruffian (level 6, -7/93 HPs)
             Began as a Troll Berserker on Mar 8, 2017.
             Was a Priest of Trog.
             Mangled by a two-headed ogre
             ... wielding a +0 giant club
              (30 damage)
             ... on level 5 of the Dungeon.
             The game lasted 00:08:04 (2810 turns).

Amciq the Ruffian (Troll Berserker)                 Turns: 2810, Time: 00:08:04

Health: -7/93      AC:  6    Str: 33    XL:     6   Next: 73%
Magic:  5/5        EV: 11    Int:  3    God:    Trog [***...]
Gold:   260        SH:  0    Dex:  9    Spells: 5/5 levels left

rFire    . . .     SeeInvis .   C - +1 giant club
rCold    . . .     Gourm    +   a - +0 animal skin
rNeg     . . .     Faith    .   (shield currently unavailable)
rPois    .         Spirit   .   (helmet restricted)
rElec    .         Reflect  .   v - +0 cloak
rCorr    .         Harm     +   (gloves unavailable)
MR       .....                  (boots unavailable)
Stlth    ..........             e - amulet of harm
Regen    0.7/turn               (no ring)
MPRegen  0.1/turn               (no ring)

@: berserking (expiring), very quick
A: unfitting armour, claws 3, fast metabolism 3, gourmand, regeneration 1,
shaggy fur 1, tough skin 2
a: Berserk, Trog's Hand, Burn Spellbooks, Renounce Religion


You were on level 5 of the Dungeon.
You worshipped Trog.
Trog was most pleased with you.
You were very full.

You visited 1 branch of the dungeon, and saw 5 of its levels.

You collected 260 gold pieces.

Inventory:

Hand Weapons
 C - a +1 giant club (weapon)
Armour
 a - a +0 animal skin (worn)
 v - a +0 cloak (worn)
Jewellery
 e - an amulet of harm (around neck)
 m - a cursed amulet of inaccuracy {unknown}
 q - a +4 amulet of reflection {unknown}
Wands
 p - a wand of clouds (3/9)
Scrolls
 f - 6 scrolls of remove curse
 i - a scroll of identify
 r - a scroll of magic mapping {unknown}
 t - a scroll of amnesia {unknown}
 w - a scroll of random uselessness {unknown}
 x - a scroll of immolation {unknown}
 y - 2 scrolls of teleportation {unknown}
Potions
 d - 3 potions of heal wounds
 g - 4 potions of flight
 h - 2 potions of brilliance
 j - a potion of curing {unknown}
 k - a potion of agility
 l - a potion of lignification
 s - a potion of invisibility {unknown}
 u - a potion of haste {unknown}
 B - a potion of resistance {unknown}
 D - a potion of berserk rage {unknown}
Comestibles
 b - 3 bread rations
 c - a chunk of flesh
 n - 5 fruits
 o - 3 royal jellies
 z - a meat ration


   Skills:
 * Level 4.0 Fighting
 * Level 1.7 Maces & Flails
 + Level 3.8 Dodging
 - Level 5.1 Unarmed Combat


You had 5 spell levels left.
You didn't know any spells.

Dungeon Overview and Level Annotations

Branches:
Dungeon (5/15)             Temple (0/1) D:4

Altars:
Makhleb
Okawaru
Sif Muna
Uskayaw
Wu Jian


Innate Abilities, Weirdness & Mutations

You are too large for most types of armour.
You have claws for hands.
Your metabolism is lightning-fast.
You like to eat raw meat.
Your natural rate of healing is unusually fast.
You are covered in fur. (AC +1)
You have very tough skin. (AC +2)


Message History

The two-headed ogre is lightly wounded.
The two-headed ogre barely misses you.
The two-headed ogre hits you with a giant spiked club.
You barely miss the two-headed ogre.
The two-headed ogre is lightly wounded.
The giant cockroach zombie misses you.
The two-headed ogre hits you with a giant club.
The two-headed ogre hits you with a giant spiked club!
You closely miss the two-headed ogre. The giant cockroach zombie bites you.
You bludgeon the two-headed ogre!!
The two-headed ogre is heavily wounded.
The giant cockroach zombie bites you but does no damage.
The two-headed ogre hits you with a giant club!
The two-headed ogre hits you with a giant spiked club!!
* * * LOW HITPOINT WARNING * * *
You sock the two-headed ogre!
The two-headed ogre is severely wounded.
The giant cockroach zombie completely misses you.
The two-headed ogre hits you with a giant club!!
You die...

.(..# #..# ##.## .#
....# ##.###.##
...#####.......# ##
..).##...#..#..## ##..#
.##....###..##..####....
.###.### ##.###..#......
.# #.# .# #....# . #.#
.# ##..## ... .# #@.#
... #.Z.O# ..###
........# .#
......#..... #.
.....#####... ..##. ..##
. # .##


You could see a two-headed ogre and a giant cockroach zombie.

Vanquished Creatures
  2 ogres (D:4)
  A centaur (D:5)
  A centaur skeleton (D:4)
  A howler monkey skeleton (D:4)
  7 adders
  2 oozes
  3 worms (D:2)
  2 dart slugs
  3 leopard geckos
  An orc (D:4)
  3 giant cockroaches
  10 goblins
  10 hobgoblins
  3 jackals (D:3)
  7 kobolds
  5 quokkas
  4 ball pythons
  9 bats
  7 frilled lizards
  4 rats
85 creatures vanquished.

Notes
Turn   | Place    | Note
-------+----------+-------------------------------------------
     0 | D:1      | Amciq the Troll Berserker began the quest for the Orb.
     0 | D:1      | Reached XP level 1. HP: 22/22 MP: 0/0
   181 | D:1      | Reached XP level 2. HP: 29/29 MP: 1/1
   373 | D:1      | Reached XP level 3. HP: 36/36 MP: 2/2
   571 | D:1      | Reached ** piety under Trog
  1209 | D:2      | Reached XP level 4. HP: 44/44 MP: 3/3
  1580 | D:2      | Found a burning altar of Makhleb.
  1582 | D:2      | Found a hide-covered altar of Uskayaw.
  1582 | D:2      | Found a deep blue altar of Sif Muna.
  1584 | D:2      | Found an ornate altar of the Wu Jian Council.
  1586 | D:2      | Found an iron altar of Okawaru.
  1697 | D:2      | Reached skill level 4 in Unarmed Combat
  1980 | D:3      | Reached XP level 5. HP: 53/53 MP: 4/4
  2293 | D:4      | Found a staircase to the Ecumenical Temple.
  2436 | D:4      | Reached *** piety under Trog
  2441 | D:4      | Noticed an ogre
  2445 | D:4      | Killed an ogre
  2445 | D:4      | Reached skill level 5 in Unarmed Combat
  2566 | D:4      | Noticed an ogre
  2570 | D:4      | Killed an ogre
  2570 | D:4      | Reached skill level 1 in Maces & Flails
  2570 | D:4      | Reached XP level 6. HP: 62/62 MP: 5/5
  2718 | D:5      | Entered Level 5 of the Dungeon
  2801 | D:5      | Noticed a two-headed ogre
  2810 | D:5      | Mangled by a two-headed ogre

Vault maps used:
D:1:      grunt_arrival_lava_bath, serial_forest, infiniplex_forest_end_double,
          infiniplex_forest_lined_2, infiniplex_forest_clump_large,
          infiniplex_forest_clump_medium, infiniplex_forest_clump_small,
          infiniplex_forest_end_1, minivault_19, minmay_surrounded
D:2:      minitemple
D:4:      minmay_temple_entry_glass
D:5:      serial_undead, serial_undead_e, serial_undead_b, serial_undead_c,
          serial_undead_d, first_bread, minmay_lizard_king

Skill      XL: |  1  2  3  4  5  6 |
---------------+-------------------+-----
Dodging        | 3 |  3.8
Fighting       | 3 4 |  4.0
Unarmed Combat | 4 5 |  5.1
Maces & Flails | 1 |  1.7

Action                   |  1- 3 |  4- 6 || total
-------------------------+-------+-------++-------
Melee: Unarmed           |    84 |    93 ||   177
       Punch             |     1 |     1 ||     2
       Giant club        |       |    11 ||    11
Invok: Berserk           |     2 |     2 ||     4
  Use: Scroll            |       |     7 ||     7
  Eat: Chunk             |    18 |    16 ||    34
Armor: Animal skin       |    31 |    34 ||    65
Dodge: Dodged            |    40 |    55 ||    95
